 Dungeon Crawl Stone Soup version 0.30.0-5-g1a98f26d00 (webtiles) character file.

Game seed: 615227068275581899

93 jasper the Sneak (level 4, 0/22 HPs)
             Began as a Spriggan Brigand on May 12, 2023.
             Killed by divine providence
             ... invoked by an orc priest
              (10 damage)
             ... on level 3 of the Dungeon.
             The game lasted 00:03:13 (1585 turns).

jasper the Sneak (Spriggan Brigand)                 Turns: 1585, Time: 00:03:14

Health: 0/22       AC:  3    Str:  7    XL:     4   Next: 36%
Magic:  5/5        EV: 16    Int: 12    God:
Gold:   178        SH:  0    Dex: 18    Spells: 3/3 levels left

rFire   . . .        h - +3 dagger
rCold   . . .        (no shield)
rNeg    . . .        b - +0 robe
rPois   .            (helmet restricted)
rElec   .            c - +0 cloak
rCorr   .            (gloves unavailable)
SInv    +            (boots unavailable)
Will    .....        (no amulet)
Stlth   +++          (no ring)
HPRegen 0.23/turn    (no ring)
MPRegen 0.09/turn

%: no passive effects
@: very quick
A: very small, no large weapons, unfitting armour, see invisible, speed 3
a: no special abilities


You were on level 3 of the Dungeon.
You visited 1 branch of the dungeon, and saw 3 of its levels.

You collected 178 gold pieces.

Inventory:

Hand Weapons
 a - a +2 dagger
 h - a +3 dagger (weapon)
Missiles
 d - 23 poisoned darts (quivered)
 e - 2 curare-tipped darts
 m - 2 atropa-tipped darts
Armour
 b - a +0 robe (worn)
 c - a +0 cloak (worn)
Jewellery
 o - a ring of poison resistance
Scrolls
 g - a scroll of immolation {unknown}
 i - a scroll of enchant armour {unknown}
 j - 8 scrolls of identify {unknown}
 l - a scroll of noise {unknown}
 n - a scroll of vulnerability {unknown}
 p - a scroll of fear {unknown}
Potions
 f - a potion of brilliance {unknown}
 k - a potion of berserk rage {unknown}


   Skills:
 - Level 1.5 Fighting
 + Level 5.1 Short Blades
 - Level 2.0 Throwing
 - Level 1.3 Dodging
 - Level 5.8 Stealth


You had 3 spell levels left.
You didn't know any spells.
Your spell library contained the following spells:

 Spells                   Type           Power      Damage    Failure   Level
 Freeze                   Ice            0%         1d3       32%         1
 Call Canine Familiar     Summ           0%         N/A       69%         3
 Frozen Ramparts          Ice            0%         1d1       69%         3
 Hailstorm                Conj/Ice       0%         3d3       69%         3
 Portal Projectile        Hex/Tloc       0%         N/A       69%         3
 Ice Form                 Ice/Tmut       0%         N/A       97%         4
 Leda's Liquefaction      Hex/Erth       0%         N/A       97%         4
 Simulacrum               Ice/Necr       0%         N/A       100%        6


Dungeon Overview and Level Annotations

Branches:
Dungeon (3/15)

Altars:
Trog

Shops:
D:1 [


Innate Abilities, Weirdness & Mutations

You are very small and have problems with some larger weapons.
You are too small for most types of armour.
You have supernaturally acute eyesight. (SInv)
You cover ground extremely quickly. (Speed+++)


Message History

The orc shouts!
The orc priest shouts!
The orc priest closely misses you.
You see here a +0 short sword.
You hit the orc priest.
The orc priest is lightly wounded.
The orc hits you with a +0 club. The orc priest misses you.
You take 2 damage, and have 20/22 hp.
Things that are here:
a +0 trident; an orc corpse The orc priest looks braver for a moment.
You closely miss the rat. The rat barely misses you.
You closely miss the rat. You hit the rat.
You kill the rat!
You hit the orc.
The orc is heavily wounded.
The orc priest calls upon Beogh to heal the orc.
The orc's wounds heal themselves!
The orc hits you but does no damage.
You hit the orc.
The orc is severely wounded.
The orc priest calls down the wrath of Beogh upon you.
Beogh smites you!
Ouch! That really hurt!
The orc hits you with a +0 short sword.
You take 12 damage, and have 9/22 hp.
MASSIVE DAMAGE!!
You hit the orc.
You kill the orc!
Throw: 3 darts (curare)
Press: ? - help, Shift-Dir - straight line, f - orc priest
Aim: an orc priest, wielding a +0 hand axe (lightly wounded, 62% to hit)
You throw a curare-tipped dart.
The curare-tipped dart closely misses the orc priest.
The orc priest miscasts a cantrip.
The orc priest begins to cast a cantrip, but forgets the words!
You hit the orc but do no damage. You hit the orc but do no damage.
The orc barely misses you.
The orc priest invokes the aid of Beogh against you.
Beogh smites you!
You die...

#.......# ##.......#
#........# #........#
######### #........#
########.. ...# #.##......
#.....##.#####.#####.#####.##
###)##.......†.....#####.#
#(..).o.o.@#..###>.......#
#.#.##.##....># #......†##
.....##...._...# #.#####.#
###.####.#..............#.##
#. #.#####.##.##.......# #
... ..# .##.##.#..# ..# ... #
.##.#..## ..# ... # #....
#.##.#....


You could see an orc priest and an orc.

Vanquished Creatures
  4 adders
  A worm (D:2)
  4 orcs (D:3)
  5 ball pythons
  3 bats
  7 endoplasms
  4 giant cockroaches
  3 hobgoblins
  4 kobolds
  A quokka (D:2)
  4 frilled lizards
  A goblin (D:1)
  9 rats
50 creatures vanquished.

Notes
Turn   | Place    | Note
-------+----------+-------------------------------------------
     0 | D:1      | jasper the Spriggan Brigand began the quest for the Orb.
     0 | D:1      | Reached XP level 1. HP: 10/10 MP: 2/2
   233 | D:1      | Reached XP level 2. HP: 14/14 MP: 3/3
   264 | D:1      | Found Icanaz's Armour Emporium.
   630 | D:2      | Reached XP level 3. HP: 18/18 MP: 4/4
  1225 | D:3      | Found a faded altar of an unknown god.
  1271 | D:3      | Reached XP level 4. HP: 21/22 MP: 5/5
  1348 | D:3      | Reached skill level 5 in Short Blades
  1549 | D:3      | Found a bloodstained altar of Trog.
  1585 | D:3      | Killed from afar by an orc priest

Illustrated notes

Levels and vault maps discovered:
D:1:      minmay_arrival_hallway, layout_basic, serial_shops, shop
D:2:      cheibrodos_helix_gallery, layout_basic, minmay_misc_feat_pillars
D:3:      layout_loops_cross, bloody_trog, chequers_ecumenical_altar_simple,
          minmay_quantized

Skill      XL: |  1  2  3  4 |
---------------+-------------+-----
Short Blades   | 3 4 5 |  5.1
Fighting       | |  1.5
Throwing       | |  2.0
Dodging        | |  1.3
Stealth        | |  5.8

Action                     |  1- 3 |  4- 6 || total
---------------------------+-------+-------++-------
  Melee: Dagger            |    96 |    32 ||   128
  Throw: Dart              |     3 |     3 ||     6
   Stab: Sleeping          |     9 |     5 ||    14
 Armour: Robe              |     6 |     3 ||     9
  Dodge: Dodged            |    45 |    14 ||    59
